 Dungeon Crawl Stone Soup version 0.21-a0-518-g43a1781948 (webtiles) character file.

53 JackS81 the Grave Robber (level 3, 0/24 HPs)
             Began as a Demonspawn Necromancer on Dec 4, 2017.
             Slain by a hobgoblin
             ... wielding a +0 club
              (3 damage)
             ... on level 2 of the Dungeon.
             The game lasted 00:08:18 (1554 turns).

JackS81 the Grave Robber (Demonspawn Necromancer)   Turns: 1554, Time: 00:08:19

Health: 0/24       AC:  2    Str:  8    XL:     3   Next: 64%
Magic:  1/6        EV: 12    Int: 17    God:
Gold:   36         SH:  0    Dex: 13    Spells: 4/6 levels left

rFire    . . .     SeeInvis .   f - +2 whip (drain)
rCold    . . .     Gourm    .   (no shield)
rNeg     . . .     Faith    .   a - +0 robe
rPois    .         Spirit   .   (no helmet)
rElec    .         Reflect  .   (no cloak)
rCorr    .         Harm     .   (no gloves)
MR       .....                  (no boots)
Stlth    ++........             (no amulet)
HPRegen  0.08/turn              (no ring)
MPRegen  0.10/turn              (no ring)

@: lethally poisoned (0 -> -9)
A: talons 2
a: no special abilities


You were on level 2 of the Dungeon.
You were not hungry.

You visited 1 branch of the dungeon, and saw 2 of its levels.

You collected 36 gold pieces.

Inventory:

Hand Weapons
 e - a +0 whip
 f - a +2 whip of draining (weapon)
Armour
 a - a +0 robe (worn)
Scrolls
 d - a scroll of immolation {unknown}
 i - a scroll of fog {unknown}
 l - a scroll of teleportation {unknown}
Potions
 h - a potion of mutation {unknown}
 k - a potion of flight {unknown}
Books
 b - a book of Necromancy

   Spells                             Type                      Level
   a - Pain                           Necromancy                   1
   b - Animate Skeleton               Necromancy                   1
   c - Vampiric Draining              Necromancy                   3
   d - Regeneration                   Charms/Necromancy            3
   e - Animate Dead                   Necromancy                   4
   f - Control Undead                 Necromancy                   4
Comestibles
 c - 2 bread rations
 g - a royal jelly


   Skills:
 + Level 0.2 Maces & Flails
 - Level 1.7 Dodging
 - Level 1.7 Stealth
 - Level 2.0 Spellcasting
 * Level 5.9 Necromancy


You had 4 spell levels left.
You knew the following spells:

 Your Spells              Type           Power        Failure   Level  Hunger
a - Pain                  Necr           ###.         1%          1    #......
b - Animate Skeleton      Necr           N/A          1%          1    #......


Dungeon Overview and Level Annotations

Branches:
Dungeon (2/15)

Altars:


Innate Abilities, Weirdness & Mutations

You have razor-sharp toenails.


Message History

The adder poisons you! The adder bites you.
* * * LOW HITPOINT WARNING * * *
Casting: Pain
Confirm with . or Enter, or press ? or * to list all spells.
Aiming: Pain
Press: ? - help, Shift-Dir - straight line, f/p - adder
Aim: an adder (almost dead, chance to defeat MR: 86%)
The adder writhes in agony!
You kill the adder!
* * * LOW HITPOINT WARNING * * *
You feel sick.
Casting: Pain
Confirm with . or Enter, or press ? or * to list all spells.
Aiming: Pain
Press: ? - help, Shift-Dir - straight line, f - hobgoblin
Aim: a hobgoblin, wielding a club (chance to defeat MR: 91%)
The hobgoblin writhes in agony!
* * * LOW HITPOINT WARNING * * *
You feel sick. The hobgoblin hits you with a club.
You die...

#.# #.# #.#
####.###########
.....#.........#
####.##.#..###.#
#.##.#..# #.#
#†##.#..#
#.###########
##)##.#..#
#..@g.......#
#........#
#####..####.#
...........#
#..#
...........#
#.....S...
.)............
..g.>######
..#..####..###
###...# ..#...
..... ....#
...... ...###
##...# ##.. ...
#...#


You could see a hobgoblin.

Vanquished Creatures
  An adder (D:2)
  3 dart slugs
  3 leopard geckos
  3 giant cockroaches (D:1)
  2 goblins (D:1)
  7 hobgoblins
  2 ball pythons
  3 bats
  A frilled lizard (D:2)
  4 kobolds (D:1)
  3 rats
32 creatures vanquished.

Vanquished Creatures (collateral kills)
  2 bats (D:1)
  A giant cockroach (D:1)
  2 kobolds (D:1)
  A rat (D:1)
6 creatures vanquished.

Grand Total: 38 creatures vanquished

Notes
Turn   | Place    | Note
-------+----------+-------------------------------------------
     0 | D:1      | JackS81 the Demonspawn Necromancer began the quest for the Orb.
     0 | D:1      | Reached XP level 1. HP: 13/13 MP: 3/3
     2 | D:1      | Learned a level 1 spell: Animate Skeleton
   344 | D:1      | Gained mutation: You have sharp toenails. [demonic ancestry]
   344 | D:1      | Reached XP level 2. HP: 7/19 MP: 3/5
   414 | D:1      | Reached skill level 5 in Necromancy
  1065 | D:1      | You fall through a shaft!
  1080 | D:2      | Gained mutation: You have razor-sharp toenails. [demonic ancestry]
  1080 | D:2      | Reached XP level 3. HP: 11/24 MP: 1/6
  1554 | D:2      | Slain by a hobgoblin

Vault maps used:
D:1:      onia_arrival_pyramid
D:2:      nemelex_xobeh_ov_fountains_minmay, elyvilon_altar_4,
          kennysheep_cluttered_room, trog_butcher_becter

Skill      XL: |  1  2 |
---------------+-------+-----
Necromancy     | 5 |  5.9
Maces & Flails | |  0.2
Dodging        | |  1.7
Stealth        | |  1.7
Spellcasting   | |  2.0

Action                   || total
-------------------------++-------
Melee: Whip              ||    33
       Kick              ||     4
 Cast: Pain              ||    40
       Animate Skeleton  ||    17
  Eat: Chunk             ||     3
Armor: Robe              ||    12
Dodge: Dodged            ||    48

Table legend:
 A = Spawn XP
 B = Non-spawn XP
 C = Spawn XP percentage of total XP
 D = Spawn monster count
 E = Non-spawn monster count
 F = Spawn count percentage of total count
 G = Total turns spent on level
                    A         B        C        D         E        F      G
               +---------+---------+-------+---------+---------+-------+---------
         Total |       0 |      77 |   0.0 |       0 |      38 |   0.0 |  1554
               +---------+---------+-------+---------+---------+-------+---------
           D:1 |       0 |      45 |   0.0 |       0 |      28 |   0.0 |  1301
           D:2 |       0 |      32 |   0.0 |       0 |      10 |   0.0 |   253
               +---------+---------+-------+---------+---------+-------+---------
